Hartford Whalers vs Vancouver Canucks
Created - Tuesday, October 31, 2023 at 06:56
Goals
|
| Hartford Whalers |
2 |
2 |
1 |
5 |
| Vancouver Canucks |
0 |
1 |
1 |
2 |
|
Shots
|
| Hartford Whalers |
12 |
9 |
12 |
33 |
| Vancouver Canucks |
9 |
10 |
11 |
30 |
|
1st period
1. Hartford Whalers , Alexis Lafreniere 17 (Marcus Foligno 14, Thomas Chabot 27) at 11:14 (PP)
2. Hartford Whalers , John Hayden 7 (Anthony Mantha 12, Alec Martinez 12) at 16:25
Penalties :
Robby Fabbri (VAN) for High sticking (Minor) at 6:14, Jake Bean (VAN) for Hooking (Minor) at 11:04
2nd period
3. Hartford Whalers , Taylor Hall 26 (Josh Anderson 21, Trevor van Riemsdyk 11) at 5:33 (PP)
4. Vancouver Canucks , Mikko Rantanen 29 (Adam Boqvist 10) at 5:58
5. Hartford Whalers , Taylor Hall 27 (Alexander Wennberg 24, Thomas Chabot 28) at 10:21
Penalties :
Noah Hanifin (VAN) for Hooking (Minor) at 5:16, Marcus Foligno (HFD) for Roughing (Minor) at 14:16
3rd period
6. Hartford Whalers , Marcus Foligno 14 (Alec Martinez 13, Alexis Lafreniere 25) at 9:02
7. Vancouver Canucks , Aleksander Barkov 9 (Artturi Lehkonen 23, Mikko Rantanen 29) at 9:20
Penalties :
No Penalty
Goalie Stats
Logan Thompson (HFD), 28 saves from 30 shots - (0.933), W, 9-7-3, 60:00 minutes
Joonas Korpisalo (VAN), 13 saves from 14 shots - (0.929), 29:39 minutes
Ville Husso (VAN), 15 saves from 19 shots - (0.789), L, 7-9-2, 30:21 minutes
Players Stats for Hartford Whalers
Player Name G A P +/- PIM S H SB GA TA FO MP PP MP PK MP
------------------------------------------------------------------------------------
Alec Martinez 0 2 2 0 0 0 1 1 0 1 0/0 21:21 1:05 0:58
Alexander Wennberg 0 1 1 -1 0 4 0 1 1 0 9/16 18:10 1:17 0:53
Alexis Lafreniere 1 1 2 1 0 3 1 0 2 1 2/3 17:22 1:09 0:00
Anthony Mantha 0 1 1 1 0 2 0 0 0 0 0/0 13:36 0:00 0:16
Casey Cizikas 0 0 0 1 0 0 0 2 2 0 13/22 18:15 1:09 0:53
Connor Clifton 0 0 0 -1 0 2 1 1 0 1 0/0 17:12 0:00 0:00
Haydn Fleury 0 0 0 0 0 0 0 0 0 0 0/0 10:02 0:00 0:00
Jaccob Slavin 0 0 0 2 0 1 0 0 1 2 0/0 21:27 1:21 1:01
John Hayden 1 0 1 1 0 3 2 1 0 0 1/1 12:57 0:00 0:00
Josh Anderson 0 1 1 -1 0 1 3 0 0 0 0/0 18:19 1:17 1:02
Joshua Norris 0 0 0 1 0 3 2 0 0 0 6/8 12:57 0:00 0:00
Lukas Reichel 0 0 0 0 0 1 0 0 0 0 0/7 10:02 0:00 0:00
Marcus Foligno 1 1 2 1 2 2 4 1 0 1 0/1 17:44 1:09 0:00
Mark Kastelic 0 0 0 0 0 3 0 1 0 1 1/1 10:02 0:00 0:00
Taylor Hall 2 0 2 -1 0 3 2 0 0 1 0/1 18:34 1:17 0:54
Thomas Chabot 0 2 2 2 0 4 1 1 0 0 0/0 21:27 1:21 1:01
Torey Krug 0 0 0 -1 0 0 1 2 0 0 0/0 17:12 0:00 0:00
Trevor van Riemsdyk 0 1 1 0 0 1 0 2 0 2 0/0 21:21 1:05 0:58
Players Stats for Vancouver Canucks
Player Name G A P +/- PIM S H SB GA TA FO MP PP MP PK MP
------------------------------------------------------------------------------------
Adam Boqvist 0 1 1 0 0 1 0 0 0 0 0/0 17:29 0:00 0:10
Aleksander Barkov 1 0 1 1 0 3 0 0 2 0 15/30 19:38 0:00 0:00
Anton Lundell 0 0 0 0 0 2 0 0 1 0 0/0 12:09 0:53 0:33
Artturi Lehkonen 0 1 1 1 0 2 0 1 1 0 0/0 20:31 0:53 0:00
Casey Mittelstadt 0 0 0 0 0 2 0 0 0 0 2/5 12:29 0:53 0:54
Clayton Keller 0 0 0 -2 0 2 2 1 0 0 1/2 16:28 1:06 0:00
Jake Bean 0 0 0 0 2 0 3 2 0 1 0/0 19:17 1:15 0:53
Jesperi Kotkaniemi 0 0 0 -2 0 0 0 1 0 0 4/13 16:18 0:58 0:00
Kasperi Kapanen 0 0 0 0 0 0 1 0 2 0 0/0 10:52 0:08 0:00
Maxence Guenette 0 0 0 -1 0 0 1 0 0 0 0/0 13:55 0:00 0:00
Mikko Rantanen 1 1 2 1 0 7 4 0 0 1 0/0 21:22 1:06 0:35
Miro Heiskanen 0 0 0 0 0 3 2 4 1 1 0/0 26:38 1:15 1:03
Noah Cates 0 0 0 0 0 0 1 0 0 0 3/5 11:24 0:00 1:32
Noah Hanifin 0 0 0 0 2 2 3 2 1 1 0/0 26:34 0:44 1:23
Olli Maatta 0 0 0 -1 0 0 1 1 0 1 0/0 16:05 0:44 1:23
Robby Fabbri 0 0 0 -2 2 0 1 1 2 1 1/1 15:20 0:00 0:00
Sam Lafferty 0 0 0 0 0 2 2 1 0 0 1/3 11:10 0:00 1:18
Taylor Raddysh 0 0 0 0 0 4 1 0 0 0 1/1 9:52 0:00 0:00
3 Stars
1 - Taylor Hall (HFD)
2 - Marcus Foligno (HFD)
3 - Alexis Lafreniere (HFD)
Power Play
Hartford Whalers - 2 on 3 Attempt(s) - 66.67%
Vancouver Canucks - 0 on 1 Attempt(s) - 0.00%
Penalty Kill
Hartford Whalers - 1 on 1 Attempt(s) - 100.00%
- Score 0 goal in Penalty Kill
Vancouver Canucks - 1 on 3 Attempt(s) - 33.33%
- Score 0 goal in Penalty Kill
Team Stat
Hartford Whalers - Hits : 18 - Faceoff Wins : 32 - Blocked Shots : 13 - Penalty Minutes : 2
Vancouver Canucks - Hits : 22 - Faceoff Wins : 28 - Blocked Shots : 14 - Penalty Minutes : 6
Official
Referees : Francois StLaurent and Dave Jackson
Linesman : Bryan Pancich and Jay Sharrers
Game Notes
Joonas Korpisalo enters game at 10:21 of 2nd period
Finance
Level 1 -- Attendance: 5087 (84.78%) -- Ticket Income $503,613
Level 2 -- Attendance: 3646 (72.92%) -- Ticket Income $215,114
Level 3 -- Attendance: 3000 (100.00%) -- Ticket Income $102,000
Level 4 -- Attendance: 3610 (72.20%) -- Ticket Income $86,640
Luxury Box -- Attendance: 759 (75.90%) -- Ticket Income $151,041
Game was played at the Rogers Arena.
Total Attendance: 16102 (80.51%)
Total Ticket Income: $1,058,408
Other Income: $370,443
Total Income: $1,428,851
Hartford Whalers
5 vs 5 Forward
Center Left Wing Right Wing Time % Phy DF OF
1 Alexander Wennberg Taylor Hall Josh Anderson 30 1 2 2
2 Casey Cizikas Marcus Foligno Alexis Lafreniere 30 1 2 2
3 Joshua Norris Anthony Mantha John Hayden 25 1 2 2
4 Lukas Reichel Mark Kastelic Haydn Fleury 15 1 2 2
5 vs 5 Defense
Defense Defense Time % Phy DF OF
1 Jaccob Slavin Thomas Chabot 35 1 2 2
2 Trevor van Riemsdyk Alec Martinez 35 1 2 2
3 Torey Krug Connor Clifton 30 1 2 2
4 Jaccob Slavin Thomas Chabot 0 1 2 2
PowerPlay Forward
Center Left Wing Right Wing Time % Phy DF OF
1 Alexander Wennberg Taylor Hall Josh Anderson 50 1 2 2
2 Casey Cizikas Marcus Foligno Alexis Lafreniere 50 1 2 2
PowerPlay Defense
Defense Defense Time % Phy DF OF
1 Jaccob Slavin Thomas Chabot 50 1 2 2
2 Trevor van Riemsdyk Alec Martinez 50 1 2 2
Penalty Kill 4 Players Forward
Center Wing Time % Phy DF OF
1 Alexander Wennberg Taylor Hall 50 1 2 2
2 Josh Anderson Casey Cizikas 50 1 2 2
Penalty Kill 4 Players Defense
Defense Defense Time % Phy DF OF
1 Jaccob Slavin Thomas Chabot 50 1 2 2
2 Trevor van Riemsdyk Alec Martinez 50 1 2 2
Penalty Kill - 3 Players Forward
Forward Time % Phy DF OF
1 Alexander Wennberg 50 1 2 2
2 Taylor Hall 50 1 2 2
Penalty Kill - 3 Players Defense
Defense Defense Time % Phy DF OF
1 Jaccob Slavin Thomas Chabot 50 1 2 2
2 Trevor van Riemsdyk Alec Martinez 50 1 2 2
4 vs 4 Forward
Center Wing Time % Phy DF OF
1 Alexander Wennberg Taylor Hall 50 1 2 2
2 Josh Anderson Casey Cizikas 50 1 2 2
4 vs 4 Defense
Defense Defense Time % Phy DF OF
1 Jaccob Slavin Thomas Chabot 50 1 2 2
2 Trevor van Riemsdyk Alec Martinez 50 1 2 2
Last Minutes Offensive
Center Left Wing Right Wing Defense Defense
Alexander Wennberg Taylor Hall Josh Anderson Jaccob Slavin Thomas Chabot
Last Minutes Defensive
Center Left Wing Right Wing Defense Defense
Alexander Wennberg Taylor Hall Josh Anderson Jaccob Slavin Thomas Chabot
Goaltenders
Starting : Logan Thompson
Backup : Anton Forsberg
Extra Forwards
Normal : Mark Kastelic, Alexander Wennberg, Anthony Mantha - PP : Mark Kastelic, Taylor Hall - PK : Anthony Mantha
Extra Defensemen
Normal : Torey Krug, Connor Clifton, Haydn Fleury - PP : Torey Krug - PK : Connor Clifton, Haydn Fleury
Penalty Shots
Alexander Wennberg, Taylor Hall, Josh Anderson, Casey Cizikas, Marcus Foligno
Vancouver Canucks
5 vs 5 Forward
Center Left Wing Right Wing Time % Phy DF OF
1 Aleksander Barkov Artturi Lehkonen Mikko Rantanen 40 1 2 2
2 Jesperi Kotkaniemi Robby Fabbri Clayton Keller 30 1 2 2
3 Casey Mittelstadt Anton Lundell Kasperi Kapanen 20 1 2 2
4 Noah Cates Sam Lafferty Taylor Raddysh 10 1 2 2
5 vs 5 Defense
Defense Defense Time % Phy DF OF
1 Noah Hanifin Miro Heiskanen 40 1 2 2
2 Jake Bean Adam Boqvist 30 1 2 2
3 Maxence Guenette Olli Maatta 20 1 2 2
4 Noah Hanifin Miro Heiskanen 10 1 2 2
PowerPlay Forward
Center Left Wing Right Wing Time % Phy DF OF
1 Jesperi Kotkaniemi Clayton Keller Mikko Rantanen 60 0 1 4
2 Casey Mittelstadt Anton Lundell Artturi Lehkonen 40 0 1 4
PowerPlay Defense
Defense Defense Time % Phy DF OF
1 Miro Heiskanen Jake Bean 60 0 1 4
2 Noah Hanifin Olli Maatta 40 0 1 4
Penalty Kill 4 Players Forward
Center Wing Time % Phy DF OF
1 Sam Lafferty Noah Cates 60 1 3 1
2 Casey Mittelstadt Anton Lundell 40 1 3 1
Penalty Kill 4 Players Defense
Defense Defense Time % Phy DF OF
1 Noah Hanifin Olli Maatta 60 1 3 1
2 Miro Heiskanen Jake Bean 40 1 3 1
Penalty Kill - 3 Players Forward
Forward Time % Phy DF OF
1 Noah Cates 60 1 3 1
2 Sam Lafferty 40 1 3 1
Penalty Kill - 3 Players Defense
Defense Defense Time % Phy DF OF
1 Noah Hanifin Olli Maatta 60 1 3 1
2 Miro Heiskanen Jake Bean 40 1 3 1
4 vs 4 Forward
Center Wing Time % Phy DF OF
1 Clayton Keller Mikko Rantanen 60 1 2 2
2 Anton Lundell Artturi Lehkonen 40 1 2 2
4 vs 4 Defense
Defense Defense Time % Phy DF OF
1 Miro Heiskanen Noah Hanifin 60 1 2 2
2 Olli Maatta Jake Bean 40 1 2 2
Last Minutes Offensive
Center Left Wing Right Wing Defense Defense
Anton Lundell Clayton Keller Mikko Rantanen Miro Heiskanen Noah Hanifin
Last Minutes Defensive
Center Left Wing Right Wing Defense Defense
Sam Lafferty Noah Cates Artturi Lehkonen Noah Hanifin Olli Maatta
Goaltenders
Starting : Ville Husso
Backup : Joonas Korpisalo
Extra Forwards
Normal : Mikko Rantanen, Anton Lundell, Artturi Lehkonen - PP : Clayton Keller, Kasperi Kapanen - PK : Mikko Rantanen
Extra Defensemen
Normal : Miro Heiskanen, Noah Hanifin, Olli Maatta - PP : Jake Bean - PK : Noah Hanifin, Adam Boqvist
Penalty Shots
Miro Heiskanen, Anton Lundell, Jesperi Kotkaniemi, Artturi Lehkonen, Mikko Rantanen
% Time on Ice - Hartford Whalers
Lines # - Real PCT - Wanted PCT - Time Play
Normal Forward
1 - 29% - 30% - 16:23
2 - 29% - 30% - 16:13
3 - 23% - 25% - 12:57
4 - 18% - 15% - 10:02
Normal Defense
1 - 34% - 35% - 19:05
2 - 35% - 35% - 19:18
3 - 31% - 30% - 17:12
4 - 0% - 0% - 0:00
PP Forward
1 - 53% - 50% - 1:17
2 - 47% - 50% - 1:09
PP Defense
1 - 55% - 50% - 1:21
2 - 45% - 50% - 1:05
PK Forward
1 - 48% - 50% - 0:57
2 - 52% - 50% - 1:02
PK Defense
1 - 51% - 50% - 1:01
2 - 49% - 50% - 0:58
PK3 Forward
1 - 0% - 50%
2 - 0% - 50%
PK3 Defense
1 - 0% - 50%
2 - 0% - 50%
44 Forward
1 - 0% - 50%
2 - 0% - 50%
44 Defense
1 - 0% - 50%
2 - 0% - 50%
Last Minute Offensive - 0:00
Last Minute Defensive - 0:00
Total
Forward - 60:00
Defense - 60:00
|
% Time on Ice - Vancouver Canucks
Lines # - Real PCT - Wanted PCT - Time Play
Normal Forward
1 - 35% - 40% - 19:40
2 - 28% - 30% - 15:21
3 - 19% - 20% - 10:42
4 - 18% - 10% - 9:52
Normal Defense
1 - 38% - 40% - 21:16
2 - 30% - 30% - 16:48
3 - 25% - 20% - 13:55
4 - 6% - 10% - 3:36
PP Forward
1 - 55% - 60% - 1:06
2 - 45% - 40% - 0:53
PP Defense
1 - 63% - 60% - 1:15
2 - 37% - 40% - 0:44
PK Forward
1 - 77% - 60% - 1:53
2 - 23% - 40% - 0:33
PK Defense
1 - 57% - 60% - 1:23
2 - 43% - 40% - 1:03
PK3 Forward
1 - 0% - 60%
2 - 0% - 40%
PK3 Defense
1 - 0% - 60%
2 - 0% - 40%
44 Forward
1 - 0% - 60%
2 - 0% - 40%
44 Defense
1 - 0% - 60%
2 - 0% - 40%
Last Minute Offensive - 0:00
Last Minute Defensive - 0:00
Total
Forward - 60:00
Defense - 60:00
|
Play-by-Play
1st period
0:01 of 1st period - Aleksander Barkov wins face-off versus Alexander Wennberg in neutral zone.
0:20 of 1st period - Jaccob Slavin is hit by Noah Hanifin and loses puck.
0:59 of 1st period - Wrist shot by Kasperi Kapanen.
0:59 of 1st period - Shot Misses the Net.
1:25 of 1st period - Wrist shot by Sam Lafferty.
1:25 of 1st period - Deflect By Taylor Raddysh.
1:25 of 1st period - Shot Misses the Net.
1:25 of 1st period - Puck is out of play.
1:26 of 1st period - Casey Cizikas wins face-off versus Clayton Keller in Hartford Whalers zone.
2:13 of 1st period - Anthony Mantha is hit by Mikko Rantanen and loses puck.
2:42 of 1st period - Wrist shot by Josh Anderson.
2:42 of 1st period - Stopped by Ville Husso with a rebound.
2:44 of 1st period - Wrist shot by Alexander Wennberg.
2:44 of 1st period - Deflect By Josh Anderson.
2:44 of 1st period - Shot Misses the Net.
2:44 of 1st period - Puck is out of play.
2:45 of 1st period - Robby Fabbri wins face-off versus Lukas Reichel in Vancouver Canucks zone.
3:17 of 1st period - Snap shot by Alexander Wennberg.
3:17 of 1st period - Stopped by Ville Husso without a rebound.
3:18 of 1st period - John Hayden wins face-off versus Aleksander Barkov in Vancouver Canucks zone.
3:26 of 1st period - Wrist shot by Anthony Mantha.
3:26 of 1st period - Stopped by Ville Husso with a rebound.
3:28 of 1st period - Slapshot by Anthony Mantha.
3:28 of 1st period - Shot Blocked by Jake Bean.
3:30 of 1st period - Wrist shot by Jaccob Slavin.
3:30 of 1st period - Deflect By Aleksander Barkov.
3:30 of 1st period - Stopped by Ville Husso with a rebound.
3:32 of 1st period - Wrist shot by Jaccob Slavin.
3:32 of 1st period - Deflect By John Hayden.
3:32 of 1st period - Shot Misses the Net.
3:32 of 1st period - Puck is out of play.
3:33 of 1st period - Alexander Wennberg wins face-off versus Jesperi Kotkaniemi in Vancouver Canucks zone.
4:15 of 1st period - Trevor van Riemsdyk is hit by Miro Heiskanen and loses puck.
4:20 of 1st period - Wrist shot by Mikko Rantanen.
4:20 of 1st period - Stopped by Logan Thompson without a rebound.
4:21 of 1st period - Joshua Norris wins face-off versus Casey Mittelstadt in Hartford Whalers zone.
5:16 of 1st period - Wrist shot by Mikko Rantanen.
5:16 of 1st period - Shot Misses the Net.
5:18 of 1st period - Wrist shot by Aleksander Barkov.
5:18 of 1st period - Stopped by Logan Thompson with a rebound.
5:34 of 1st period - Slapshot by Taylor Raddysh.
5:34 of 1st period - Stopped by Logan Thompson with a rebound.
5:38 of 1st period - Wrist shot by Taylor Raddysh.
5:38 of 1st period - Shot Blocked by Casey Cizikas.
6:14 of 1st period - Minor Penalty to Robby Fabbri for High sticking.
6:15 of 1st period - Alexander Wennberg wins face-off versus Sam Lafferty in Vancouver Canucks zone.
8:14 of 1st period - Penalty to Robby Fabbri is over, Robby Fabbri is back on ice.
9:22 of 1st period - Olli Maatta is hit by Taylor Hall.
9:47 of 1st period - Alexis Lafreniere is hit by Olli Maatta and loses puck.
10:10 of 1st period - Connor Clifton is hit by Noah Hanifin and loses puck.
11:04 of 1st period - Minor Penalty to Jake Bean for Hooking.
11:05 of 1st period - Casey Cizikas wins face-off versus Sam Lafferty in Vancouver Canucks zone.
11:14 of 1st period - Snap shot by Alexis Lafreniere.
11:14 of 1st period - Goal by Alexis Lafreniere - Hartford Whalers : 1 - Vancouver Canucks : 0.
11:15 of 1st period - Casey Cizikas wins face-off versus Aleksander Barkov in neutral zone.
11:31 of 1st period - Off-side.
11:32 of 1st period - Jesperi Kotkaniemi wins face-off versus Alexander Wennberg in neutral zone.
11:44 of 1st period - Slapshot by Alexander Wennberg.
11:44 of 1st period - Stopped by Ville Husso without a rebound.
11:45 of 1st period - Aleksander Barkov wins face-off versus Alexis Lafreniere in Vancouver Canucks zone.
11:54 of 1st period - Slapshot by Aleksander Barkov.
11:54 of 1st period - Shot Blocked by Alec Martinez.
13:32 of 1st period - Taylor Hall is hit by Taylor Raddysh and loses puck.
13:56 of 1st period - Slapshot by Sam Lafferty.
13:56 of 1st period - Stopped by Logan Thompson with a rebound.
13:58 of 1st period - Slapshot by Olli Maatta.
13:58 of 1st period - Shot Blocked by Torey Krug.
14:00 of 1st period - Slapshot by Jake Bean.
14:00 of 1st period - Shot Misses the Net.
14:10 of 1st period - Snap shot by Taylor Raddysh.
14:10 of 1st period - Shot Blocked by Torey Krug.
14:18 of 1st period - Noah Cates is hit by Connor Clifton and loses puck.
14:33 of 1st period - Wrist shot by Mark Kastelic.
14:33 of 1st period - Stopped by Ville Husso with a rebound.
14:35 of 1st period - Snap shot by Connor Clifton.
14:35 of 1st period - Stopped by Ville Husso with a rebound.
14:37 of 1st period - Slapshot by Connor Clifton.
14:37 of 1st period - Shot Misses the Net.
14:53 of 1st period - Wrist shot by Sam Lafferty.
14:53 of 1st period - Stopped by Logan Thompson without a rebound.
14:54 of 1st period - Aleksander Barkov wins face-off versus Casey Cizikas in Hartford Whalers zone.
14:57 of 1st period - Snap shot by Mikko Rantanen.
14:57 of 1st period - Shot Blocked by Marcus Foligno.
15:44 of 1st period - Snap shot by Casey Mittelstadt.
15:44 of 1st period - Shot Blocked by Alexander Wennberg.
15:50 of 1st period - Wrist shot by Kasperi Kapanen.
15:50 of 1st period - Deflect By Anton Lundell.
15:50 of 1st period - Stopped by Logan Thompson without a rebound.
15:51 of 1st period - Casey Cizikas wins face-off versus Aleksander Barkov in Hartford Whalers zone.
16:23 of 1st period - Snap shot by Anthony Mantha.
16:23 of 1st period - Shot Blocked by Clayton Keller.
16:25 of 1st period - Snap shot by John Hayden.
16:25 of 1st period - Goal by John Hayden - Hartford Whalers : 2 - Vancouver Canucks : 0.
16:26 of 1st period - Aleksander Barkov wins face-off versus Casey Cizikas in neutral zone.
16:37 of 1st period - Marcus Foligno is hit by Mikko Rantanen and loses puck.
16:52 of 1st period - Miro Heiskanen is hit by Joshua Norris and loses puck.
17:03 of 1st period - Snap shot by Joshua Norris.
17:03 of 1st period - Shot Blocked by Miro Heiskanen.
17:05 of 1st period - Snap shot by Anthony Mantha.
17:05 of 1st period - Deflect By Miro Heiskanen.
17:05 of 1st period - Stopped by Ville Husso with a rebound.
17:23 of 1st period - Snap shot by Anton Lundell.
17:23 of 1st period - Stopped by Logan Thompson without a rebound.
17:24 of 1st period - Aleksander Barkov wins face-off versus Marcus Foligno in Hartford Whalers zone.
17:25 of 1st period - Snap shot by Mikko Rantanen.
17:25 of 1st period - Shot Blocked by Casey Cizikas.
17:48 of 1st period - Adam Boqvist is hit by Josh Anderson and loses puck.
18:08 of 1st period - Off-side.
18:09 of 1st period - Joshua Norris wins face-off versus Casey Mittelstadt in neutral zone.
18:34 of 1st period - Jaccob Slavin is hit by Noah Hanifin and loses puck.
19:20 of 1st period - Off-side.
19:21 of 1st period - Joshua Norris wins face-off versus Aleksander Barkov in neutral zone.
19:26 of 1st period - Wrist shot by Joshua Norris.
19:26 of 1st period - Stopped by Ville Husso with a rebound.
19:28 of 1st period - Wrist shot by Joshua Norris.
19:28 of 1st period - Stopped by Ville Husso with a rebound.
19:40 of 1st period - Noah Hanifin is hit by Joshua Norris and loses puck.
19:49 of 1st period - Slapshot by Artturi Lehkonen.
19:49 of 1st period - Stopped by Logan Thompson with a rebound.
19:51 of 1st period - Snap shot by Mikko Rantanen.
19:51 of 1st period - Stopped by Logan Thompson with a rebound.
19:53 of 1st period - Wrist shot by Artturi Lehkonen.
19:53 of 1st period - Shot Blocked by Connor Clifton.
19:55 of 1st period - Slapshot by Miro Heiskanen.
19:55 of 1st period - Shot Blocked by John Hayden.
19:57 of 1st period - Wrist shot by Mikko Rantanen.
19:57 of 1st period - Shot Misses the Net.
Goals for this period are 2 for Hartford Whalers vs 0 for Vancouver Canucks.
Shots for this period are 12 for Hartford Whalers vs 9 for Vancouver Canucks.
2nd period
0:01 of 2nd period - Aleksander Barkov wins face-off versus Alexander Wennberg in neutral zone.
0:50 of 2nd period - Alexis Lafreniere is hit by Mikko Rantanen and loses puck.
1:07 of 2nd period - Wrist shot by Aleksander Barkov.
1:07 of 2nd period - Shot Misses the Net.
1:17 of 2nd period - Snap shot by Mikko Rantanen.
1:17 of 2nd period - Stopped by Logan Thompson with a rebound.
1:25 of 2nd period - Wrist shot by Artturi Lehkonen.
1:25 of 2nd period - Deflect By Aleksander Barkov.
1:25 of 2nd period - Shot Misses the Net.
1:25 of 2nd period - Puck is out of play.
1:26 of 2nd period - Alexander Wennberg wins face-off versus Jesperi Kotkaniemi in Hartford Whalers zone.
1:37 of 2nd period - Slapshot by Alexander Wennberg.
1:37 of 2nd period - Shot Misses the Net.
1:39 of 2nd period - Snap shot by Taylor Hall.
1:39 of 2nd period - Shot Misses the Net.
1:41 of 2nd period - Slapshot by Alexander Wennberg.
1:41 of 2nd period - Shot Blocked by Noah Hanifin.
1:48 of 2nd period - Icing by Noah Hanifin.
1:49 of 2nd period - Joshua Norris wins face-off versus Jesperi Kotkaniemi in Vancouver Canucks zone.
1:56 of 2nd period - Slapshot by Joshua Norris.
1:56 of 2nd period - Shot Misses the Net.
1:58 of 2nd period - Slapshot by Joshua Norris.
1:58 of 2nd period - Shot Blocked by Miro Heiskanen.
2:00 of 2nd period - Slapshot by Connor Clifton.
2:00 of 2nd period - Deflect By Joshua Norris.
2:00 of 2nd period - Stopped by Ville Husso with a rebound.
2:02 of 2nd period - Snap shot by John Hayden.
2:02 of 2nd period - Shot Misses the Net.
2:22 of 2nd period - Wrist shot by Miro Heiskanen.
2:22 of 2nd period - Stopped by Logan Thompson with a rebound.
2:24 of 2nd period - Slapshot by Noah Hanifin.
2:24 of 2nd period - Stopped by Logan Thompson with a rebound.
2:26 of 2nd period - Snap shot by Casey Mittelstadt.
2:26 of 2nd period - Stopped by Logan Thompson without a rebound.
2:27 of 2nd period - Noah Cates wins face-off versus Casey Cizikas in Hartford Whalers zone.
2:28 of 2nd period - Wrist shot by Taylor Raddysh.
2:28 of 2nd period - Shot Misses the Net.
2:30 of 2nd period - Backhand shot by Sam Lafferty.
2:30 of 2nd period - Shot Blocked by Thomas Chabot.
2:32 of 2nd period - Slapshot by Adam Boqvist.
2:32 of 2nd period - Deflect By Taylor Raddysh.
2:32 of 2nd period - Stopped by Logan Thompson without a rebound.
2:33 of 2nd period - Casey Cizikas wins face-off versus Noah Cates in Hartford Whalers zone.
2:33 of 2nd period - Casey Cizikas is hit by Jake Bean.
3:19 of 2nd period - Snap shot by Anthony Mantha.
3:19 of 2nd period - Shot Blocked by Robby Fabbri.
3:25 of 2nd period - Miro Heiskanen is hit by John Hayden and loses puck.
3:51 of 2nd period - Slapshot by Miro Heiskanen.
3:51 of 2nd period - Stopped by Logan Thompson without a rebound.
3:52 of 2nd period - Aleksander Barkov wins face-off versus Taylor Hall in Hartford Whalers zone.
3:54 of 2nd period - Icing by Trevor van Riemsdyk.
3:55 of 2nd period - Alexander Wennberg wins face-off versus Aleksander Barkov in Hartford Whalers zone.
5:16 of 2nd period - Minor Penalty to Noah Hanifin for Hooking.
5:17 of 2nd period - Sam Lafferty wins face-off versus Alexander Wennberg in Vancouver Canucks zone.
5:27 of 2nd period - Snap shot by Alexander Wennberg.
5:27 of 2nd period - Shot Blocked by Miro Heiskanen.
5:29 of 2nd period - Slapshot by Trevor van Riemsdyk.
5:29 of 2nd period - Shot Blocked by Sam Lafferty.
5:31 of 2nd period - Slapshot by Josh Anderson.
5:31 of 2nd period - Shot Misses the Net.
5:33 of 2nd period - Snap shot by Taylor Hall.
5:33 of 2nd period - Goal by Taylor Hall - Hartford Whalers : 3 - Vancouver Canucks : 0.
5:34 of 2nd period - Casey Cizikas wins face-off versus Aleksander Barkov in neutral zone.
5:37 of 2nd period - Aleksander Barkov is hit by Marcus Foligno and loses puck.
5:44 of 2nd period - Slapshot by Thomas Chabot.
5:44 of 2nd period - Stopped by Ville Husso without a rebound.
5:45 of 2nd period - Alexander Wennberg wins face-off versus Aleksander Barkov in Vancouver Canucks zone.
5:46 of 2nd period - Wrist shot by Taylor Hall.
5:46 of 2nd period - Stopped by Ville Husso with a rebound.
5:58 of 2nd period - Wrist shot by Mikko Rantanen.
5:58 of 2nd period - Goal by Mikko Rantanen - Hartford Whalers : 3 - Vancouver Canucks : 1.
5:59 of 2nd period - Jesperi Kotkaniemi wins face-off versus Casey Cizikas in neutral zone.
6:01 of 2nd period - Off-side.
6:02 of 2nd period - Casey Cizikas wins face-off versus Jesperi Kotkaniemi in neutral zone.
6:05 of 2nd period - Snap shot by Marcus Foligno.
6:05 of 2nd period - Shot Misses the Net.
6:29 of 2nd period - Snap shot by Alexander Wennberg.
6:29 of 2nd period - Shot Blocked by Miro Heiskanen.
6:55 of 2nd period - Snap shot by Joshua Norris.
6:55 of 2nd period - Shot Misses the Net.
6:57 of 2nd period - Slapshot by Joshua Norris.
6:57 of 2nd period - Shot Blocked by Jake Bean.
7:07 of 2nd period - Alec Martinez is hit by Sam Lafferty and loses puck.
7:12 of 2nd period - Snap shot by Taylor Raddysh.
7:12 of 2nd period - Shot Misses the Net.
7:15 of 2nd period - Icing by Alec Martinez.
7:16 of 2nd period - Aleksander Barkov wins face-off versus Lukas Reichel in Hartford Whalers zone.
7:29 of 2nd period - Snap shot by Mikko Rantanen.
7:29 of 2nd period - Deflect By Artturi Lehkonen.
7:29 of 2nd period - Stopped by Logan Thompson with a rebound.
7:33 of 2nd period - Snap shot by Aleksander Barkov.
7:33 of 2nd period - Shot Blocked by Trevor van Riemsdyk.
8:55 of 2nd period - Wrist shot by Lukas Reichel.
8:55 of 2nd period - Shot Misses the Net.
9:05 of 2nd period - Connor Clifton is hit by Jake Bean and loses puck.
9:26 of 2nd period - Olli Maatta is hit by Josh Anderson and loses puck.
9:47 of 2nd period - Slapshot by Anthony Mantha.
9:47 of 2nd period - Deflect By John Hayden.
9:47 of 2nd period - Stopped by Ville Husso with a rebound.
9:49 of 2nd period - Slapshot by Connor Clifton.
9:49 of 2nd period - Stopped by Ville Husso without a rebound.
9:50 of 2nd period - Aleksander Barkov wins face-off versus Joshua Norris in Vancouver Canucks zone.
10:21 of 2nd period - Wrist shot by Taylor Hall.
10:21 of 2nd period - Goal by Taylor Hall - Hartford Whalers : 4 - Vancouver Canucks : 1.
10:21 of 2nd period - Joonas Korpisalo enters game.
10:22 of 2nd period - Alexis Lafreniere wins face-off versus Aleksander Barkov in neutral zone.
10:25 of 2nd period - Artturi Lehkonen is hit by Marcus Foligno and loses puck.
10:33 of 2nd period - Noah Hanifin is hit by Alexis Lafreniere and loses puck.
10:50 of 2nd period - Snap shot by Clayton Keller.
10:50 of 2nd period - Stopped by Logan Thompson with a rebound.
10:56 of 2nd period - Jake Bean is hit by Josh Anderson and loses puck.
11:28 of 2nd period - Haydn Fleury is hit by Noah Cates and loses puck.
11:35 of 2nd period - Adam Boqvist is hit by Alec Martinez and loses puck.
12:24 of 2nd period - Snap shot by Josh Anderson.
12:24 of 2nd period - Shot Blocked by Noah Hanifin.
12:28 of 2nd period - Wrist shot by Taylor Hall.
12:28 of 2nd period - Shot Misses the Net.
12:58 of 2nd period - Wrist shot by Taylor Raddysh.
12:58 of 2nd period - Deflect By Noah Cates.
12:58 of 2nd period - Shot Misses the Net.
12:58 of 2nd period - Puck is out of play.
12:59 of 2nd period - Noah Cates wins face-off versus Lukas Reichel in Hartford Whalers zone.
13:50 of 2nd period - Wrist shot by Alexis Lafreniere.
13:50 of 2nd period - Stopped by Joonas Korpisalo with a rebound.
14:08 of 2nd period - Anthony Mantha is hit by Miro Heiskanen and loses puck.
14:13 of 2nd period - Snap shot by Casey Mittelstadt.
14:13 of 2nd period - Stopped by Logan Thompson without a rebound.
14:14 of 2nd period - Casey Cizikas wins face-off versus Aleksander Barkov in Hartford Whalers zone.
14:16 of 2nd period - Minor Penalty to Marcus Foligno for Roughing.
14:17 of 2nd period - Alexander Wennberg wins face-off versus Jesperi Kotkaniemi in Hartford Whalers zone.
14:52 of 2nd period - Wrist shot by Miro Heiskanen.
14:52 of 2nd period - Shot Misses the Net.
16:16 of 2nd period - Penalty to Marcus Foligno is over, Marcus Foligno is back on ice.
17:14 of 2nd period - Olli Maatta is hit by Torey Krug and loses puck.
17:27 of 2nd period - Wrist shot by Mark Kastelic.
17:27 of 2nd period - Stopped by Joonas Korpisalo without a rebound.
17:28 of 2nd period - Casey Mittelstadt wins face-off versus Lukas Reichel in Vancouver Canucks zone.
17:41 of 2nd period - Slapshot by Thomas Chabot.
17:41 of 2nd period - Shot Misses the Net.
18:17 of 2nd period - Mark Kastelic is hit by Sam Lafferty and loses puck.
18:36 of 2nd period - Aleksander Barkov is hit by Marcus Foligno and loses puck.
Goals for this period are 2 for Hartford Whalers vs 1 for Vancouver Canucks.
Shots for this period are 9 for Hartford Whalers vs 10 for Vancouver Canucks.
3rd period
0:01 of 3rd period - Casey Cizikas wins face-off versus Aleksander Barkov in neutral zone.
0:16 of 3rd period - Slapshot by Marcus Foligno.
0:16 of 3rd period - Stopped by Joonas Korpisalo with a rebound.
0:26 of 3rd period - Alexander Wennberg is hit by Robby Fabbri and loses puck.
0:53 of 3rd period - Wrist shot by Thomas Chabot.
0:53 of 3rd period - Stopped by Joonas Korpisalo without a rebound.
0:54 of 3rd period - Aleksander Barkov wins face-off versus Casey Cizikas in Vancouver Canucks zone.
0:54 of 3rd period - Aleksander Barkov is hit by Marcus Foligno.
1:11 of 3rd period - Snap shot by Artturi Lehkonen.
1:11 of 3rd period - Deflect By Aleksander Barkov.
1:11 of 3rd period - Shot Misses the Net.
1:11 of 3rd period - Puck is out of play.
1:12 of 3rd period - Alexander Wennberg wins face-off versus Jesperi Kotkaniemi in Hartford Whalers zone.
1:27 of 3rd period - Slapshot by Clayton Keller.
1:27 of 3rd period - Stopped by Logan Thompson without a rebound.
1:28 of 3rd period - Aleksander Barkov wins face-off versus Casey Cizikas in Hartford Whalers zone.
1:37 of 3rd period - Snap shot by Mikko Rantanen.
1:37 of 3rd period - Stopped by Logan Thompson with a rebound.
1:55 of 3rd period - Clayton Keller is hit by Thomas Chabot and loses puck.
2:04 of 3rd period - Slapshot by Alexander Wennberg.
2:04 of 3rd period - Stopped by Joonas Korpisalo with a rebound.
2:07 of 3rd period - Icing by Robby Fabbri.
2:08 of 3rd period - Joshua Norris wins face-off versus Jesperi Kotkaniemi in Vancouver Canucks zone.
2:09 of 3rd period - Snap shot by John Hayden.
2:09 of 3rd period - Stopped by Joonas Korpisalo with a rebound.
2:46 of 3rd period - Wrist shot by Mikko Rantanen.
2:46 of 3rd period - Stopped by Logan Thompson with a rebound.
3:26 of 3rd period - Slapshot by Thomas Chabot.
3:26 of 3rd period - Shot Misses the Net.
4:55 of 3rd period - Lukas Reichel is hit by Jake Bean and loses puck.
5:32 of 3rd period - Slapshot by Marcus Foligno.
5:32 of 3rd period - Deflect By Alexis Lafreniere.
5:32 of 3rd period - Shot Misses the Net.
5:32 of 3rd period - Puck is out of play.
5:33 of 3rd period - Casey Cizikas wins face-off versus Aleksander Barkov in Vancouver Canucks zone.
6:00 of 3rd period - Casey Cizikas is hit by Mikko Rantanen and loses puck.
6:06 of 3rd period - Off-side.
6:07 of 3rd period - Alexander Wennberg wins face-off versus Jesperi Kotkaniemi in neutral zone.
6:32 of 3rd period - Anthony Mantha is hit by Kasperi Kapanen and loses puck.
6:39 of 3rd period - Wrist shot by Kasperi Kapanen.
6:39 of 3rd period - Shot Blocked by Trevor van Riemsdyk.
6:53 of 3rd period - Snap shot by Mikko Rantanen.
6:53 of 3rd period - Stopped by Logan Thompson without a rebound.
6:54 of 3rd period - Aleksander Barkov wins face-off versus Lukas Reichel in Hartford Whalers zone.
7:03 of 3rd period - Snap shot by Mikko Rantanen.
7:03 of 3rd period - Shot Misses the Net.
7:14 of 3rd period - Off-side.
7:15 of 3rd period - Clayton Keller wins face-off versus Alexander Wennberg in neutral zone.
7:32 of 3rd period - Icing by Jesperi Kotkaniemi.
7:33 of 3rd period - Jesperi Kotkaniemi wins face-off versus Casey Cizikas in Vancouver Canucks zone.
8:50 of 3rd period - Slapshot by Thomas Chabot.
8:50 of 3rd period - Stopped by Joonas Korpisalo without a rebound.
8:51 of 3rd period - Casey Cizikas wins face-off versus Aleksander Barkov in Vancouver Canucks zone.
8:52 of 3rd period - Wrist shot by Alexis Lafreniere.
8:52 of 3rd period - Stopped by Joonas Korpisalo with a rebound.
8:54 of 3rd period - Slapshot by Alec Martinez.
8:54 of 3rd period - Shot Misses the Net.
8:58 of 3rd period - Snap shot by Marcus Foligno.
8:58 of 3rd period - Shot Blocked by Olli Maatta.
9:00 of 3rd period - Slapshot by Marcus Foligno.
9:00 of 3rd period - Shot Blocked by Artturi Lehkonen.
9:02 of 3rd period - Snap shot by Marcus Foligno.
9:02 of 3rd period - Goal by Marcus Foligno - Hartford Whalers : 5 - Vancouver Canucks : 1.
9:03 of 3rd period - Aleksander Barkov wins face-off versus Alexander Wennberg in neutral zone.
9:20 of 3rd period - Wrist shot by Aleksander Barkov.
9:20 of 3rd period - Goal by Aleksander Barkov - Hartford Whalers : 5 - Vancouver Canucks : 2.
9:21 of 3rd period - Casey Cizikas wins face-off versus Aleksander Barkov in neutral zone.
9:47 of 3rd period - Aleksander Barkov is hit by Taylor Hall and loses puck.
10:12 of 3rd period - Slapshot by Aleksander Barkov.
10:12 of 3rd period - Stopped by Logan Thompson without a rebound.
10:13 of 3rd period - Casey Cizikas wins face-off versus Jesperi Kotkaniemi in Hartford Whalers zone.
11:10 of 3rd period - Off-side.
11:11 of 3rd period - Aleksander Barkov wins face-off versus Casey Cizikas in neutral zone.
11:20 of 3rd period - Wrist shot by Artturi Lehkonen.
11:20 of 3rd period - Shot Misses the Net.
11:22 of 3rd period - Slapshot by Mikko Rantanen.
11:22 of 3rd period - Shot Hit the Post.
11:24 of 3rd period - Wrist shot by Artturi Lehkonen.
11:24 of 3rd period - Shot Misses the Net.
11:26 of 3rd period - Wrist shot by Noah Hanifin.
11:26 of 3rd period - Stopped by Logan Thompson with a rebound.
11:38 of 3rd period - Trevor van Riemsdyk is hit by Clayton Keller and loses puck.
12:21 of 3rd period - Snap shot by Lukas Reichel.
12:21 of 3rd period - Stopped by Joonas Korpisalo without a rebound.
12:22 of 3rd period - Mark Kastelic wins face-off versus Noah Cates in Vancouver Canucks zone.
12:42 of 3rd period - Off-side.
12:43 of 3rd period - Aleksander Barkov wins face-off versus Casey Cizikas in neutral zone.
13:12 of 3rd period - Slapshot by Adam Boqvist.
13:12 of 3rd period - Stopped by Logan Thompson without a rebound.
13:13 of 3rd period - Jesperi Kotkaniemi wins face-off versus Alexander Wennberg in Hartford Whalers zone.
13:32 of 3rd period - Snap shot by Jesperi Kotkaniemi.
13:32 of 3rd period - Shot Misses the Net.
14:04 of 3rd period - Wrist shot by Alexander Wennberg.
14:04 of 3rd period - Shot Blocked by Jesperi Kotkaniemi.
14:16 of 3rd period - Snap shot by Alexander Wennberg.
14:16 of 3rd period - Stopped by Joonas Korpisalo with a rebound.
14:18 of 3rd period - Slapshot by Thomas Chabot.
14:18 of 3rd period - Stopped by Joonas Korpisalo without a rebound.
14:19 of 3rd period - Alexis Lafreniere wins face-off versus Aleksander Barkov in Vancouver Canucks zone.
14:22 of 3rd period - Backhand shot by Alexis Lafreniere.
14:22 of 3rd period - Shot Misses the Net.
15:12 of 3rd period - Wrist shot by Taylor Raddysh.
15:12 of 3rd period - Stopped by Logan Thompson without a rebound.
15:13 of 3rd period - Taylor Raddysh wins face-off versus Lukas Reichel in Hartford Whalers zone.
15:14 of 3rd period - Snap shot by Sam Lafferty.
15:14 of 3rd period - Shot Blocked by Mark Kastelic.
15:24 of 3rd period - Slapshot by Taylor Raddysh.
15:24 of 3rd period - Stopped by Logan Thompson with a rebound.
15:57 of 3rd period - Off-side.
15:58 of 3rd period - Casey Mittelstadt wins face-off versus Joshua Norris in neutral zone.
16:01 of 3rd period - John Hayden is hit by Maxence Guenette and loses puck.
16:14 of 3rd period - Snap shot by Thomas Chabot.
16:14 of 3rd period - Shot Misses the Net.
16:46 of 3rd period - Snap shot by Taylor Hall.
16:46 of 3rd period - Shot Hit the Post.
16:48 of 3rd period - Slapshot by Trevor van Riemsdyk.
16:48 of 3rd period - Stopped by Joonas Korpisalo with a rebound.
16:50 of 3rd period - Wrist shot by Trevor van Riemsdyk.
16:50 of 3rd period - Shot Misses the Net.
17:01 of 3rd period - Icing by Olli Maatta.
17:02 of 3rd period - Noah Cates wins face-off versus Lukas Reichel in Vancouver Canucks zone.
17:07 of 3rd period - Slapshot by Torey Krug.
17:07 of 3rd period - Shot Misses the Net.
17:09 of 3rd period - Wrist shot by Mark Kastelic.
17:09 of 3rd period - Stopped by Joonas Korpisalo without a rebound.
17:10 of 3rd period - Joshua Norris wins face-off versus Aleksander Barkov in Vancouver Canucks zone.
17:37 of 3rd period - Marcus Foligno is hit by Clayton Keller and loses puck.
17:54 of 3rd period - Slapshot by Miro Heiskanen.
17:54 of 3rd period - Stopped by Logan Thompson without a rebound.
17:55 of 3rd period - Alexander Wennberg wins face-off versus Casey Mittelstadt in Hartford Whalers zone.
18:22 of 3rd period - Adam Boqvist is hit by John Hayden and loses puck.
Goals for this period are 1 for Hartford Whalers vs 1 for Vancouver Canucks.
Shots for this period are 12 for Hartford Whalers vs 11 for Vancouver Canucks.
Back to the Top